 Dungeon Crawl Stone Soup version 0.21.1-1-g345015fe64 (webtiles) character file.

1687 LilDood the Covert (level 8, -5/36 HPs)
             Began as a Spriggan Enchanter on June 25, 2018.
             Slain by Joseph
             ... wielding a +1 quarterstaff of distortion
              (11 damage)
             ... on level 7 of the Dungeon.
             The game lasted 00:38:54 (8787 turns).

LilDood the Covert (Spriggan Enchanter)             Turns: 8787, Time: 00:38:55

Health: -5/36      AC:  3    Str:  4    XL:     8   Next: 71%
Magic:  6/18       EV: 23    Int: 16    God:
Gold:   450        SH:  0    Dex: 19    Spells: 13/19 levels left

rFire    . . .     SeeInvis +   a - +2 dagger
rCold    . . .     Gourm    .   (shield restricted)
rNeg     . . .     Faith    .   b - +0 robe
rPois    .         Spirit   .   (helmet restricted)
rElec    .         Reflect  .   l - +0 cloak
rCorr    .         Harm     .   (gloves unavailable)
MR       +....                  (boots unavailable)
Stlth    +++++.....             (no amulet)
HPRegen  0.12/turn              (no ring)
MPRegen  0.16/turn              (no ring)

@: about to teleport, very quick
A: very small, unfitting armour, see invisible, herbivore, speed 3, slow
metabolism 2
a: no special abilities


You were on level 7 of the Dungeon.
You were not hungry.

You visited 1 branch of the dungeon, and saw 7 of its levels.
You also visited: Sewer.

You collected 450 gold pieces.

Inventory:

Hand Weapons
 a - a +2 dagger (weapon)
 g - a +0 dagger
 q - a +0 dagger
 v - a +0 dagger
 y - a +0 dagger
 B - a +0 dagger
 L - a +0 dagger
Missiles
 J - 19 sling bullets
Armour
 b - a +0 robe (worn)
 l - a +0 cloak (worn)
 n - a +0 robe
 r - a +0 robe
 D - a +2 robe of magic resistance
 F - a +0 robe
 G - a +0 robe
Jewellery
 p - an uncursed ring of stealth {unknown}
 A - an uncursed ring of poison resistance {unknown}
Wands
 I - a wand of iceblast (7)
Scrolls
 e - 10 scrolls of identify
 f - 3 scrolls of immolation
 h - 2 scrolls of fear {unknown}
 j - 5 scrolls of enchant weapon
 m - 2 scrolls of teleportation
 o - a scroll of fog
 s - 2 scrolls of enchant armour {unknown}
 t - 2 scrolls of magic mapping {unknown}
 H - a scroll of blinking {unknown}
 K - a scroll of remove curse {unknown}
Potions
 i - 5 potions of lignification
 k - 4 potions of curing
 u - a potion of brilliance {unknown}
 w - a potion of degeneration
 x - a potion of might
 z - a potion of magic {unknown}
 C - 4 potions of flight
 E - a potion of ambrosia {unknown}
Books
 c - a book of Maledictions

   Spells                             Type                      Level
   a - Corona                         Hexes                        1
   b - Ensorcelled Hibernation        Hexes/Ice                    2
   c - Confuse                        Hexes                        3
   d - Tukima's Dance                 Hexes                        3
   e - Dazzling Spray                 Conjuration/Hexes            3
 M - a book of Cantrips

   Spells                             Type                      Level
   a - Confusing Touch                Hexes                        1
   b - Animate Skeleton               Necromancy                   1
   c - Summon Small Mammal            Summoning                    1
   d - Apportation                    Translocation                1
Comestibles
 d - 10 rations


   Skills:
 + Level 4.6 Short Blades
 + Level 7.0 Dodging
 + Level 10.4 Stealth
 * Level 6.4 Spellcasting
 * Level 6.9 Hexes


You had 13 spell levels left.
You knew the following spells:

 Your Spells              Type           Power        Failure   Level  Hunger
a - Corona                Hex            ####...      1%          1    None
b - Ensorcelled Hibernat  Hex/Ice        ###...       4%          2    None
c - Confuse               Hex            ####....     2%          3    ##.....


Dungeon Overview and Level Annotations

Branches:
Dungeon (7/15)             Temple (0/1) D:5

Altars:
Gozag

Annotations:
D:7 Joseph


Innate Abilities, Weirdness & Mutations

You are very small and have problems with some larger weapons.
You are too small for most types of armour.
You have supernaturally acute eyesight. (SInv)
You are a herbivore.
You cover ground extremely quickly.
You need consume almost no food.


Message History

Aim: Joseph, wielding a quarterstaff of distortion and wearing a leather armour (almost dead, chance to defeat MR: 38%) Joseph resists with some effort.
Joseph hits you with a quarterstaff of distortion.
Casting: Confuse
Confirm with . or Enter, or press ? or * to list all spells.
Aiming: Confuse
Press: ? - help, Shift-Dir - straight line, f/p - Joseph
Aim: Joseph, wielding a quarterstaff of distortion and wearing a leather armour (almost dead, chance to defeat MR: 38%) Joseph resists with some effort.
Joseph hits you with a quarterstaff of distortion!
* * * LOW HITPOINT WARNING * * *
You feel strangely unstable.
Casting: Confuse
Confirm with . or Enter, or press ? or * to list all spells.
Aiming: Confuse
Press: ? - help, Shift-Dir - straight line, f/p - Joseph
Aim: Joseph, wielding a quarterstaff of distortion and wearing a leather armour (almost dead, chance to defeat MR: 38%) Joseph resists with some effort.
Joseph hits you with a quarterstaff of distortion!
You die...

#.# ..# #.# #.#
#.# # #.# #.# ##.#
### #.# #.# ....
..# #.# #.# ##(#
#.# #.# #.# .# #.#
#.# #@#
##.###.###.#####@#
.................#
.#.###.#####.#####
...# #.# #.#
...###.# #.#
....##.# #.#
.......# #.#
.....### #.#
..##.# #.#


You could see Joseph.

Vanquished Creatures
  The ghost of P0WERM0DE the Grave Robber, a novice OpNe (D:5)
  3 ice beasts
  A phantom (D:5)
  A wyvern zombie (D:6)
  A bullfrog (D:6)
  A gnoll sergeant (D:5)
  3 scorpions
  A howler monkey (D:6)
  2 crimson imps
  A quasit (D:6)
  A hound (D:4)
  A jelly (D:2)
  4 worker ants
  Jessica (D:2)
  2 iguanas
  Terence (D:2)
  A merfolk siren (Sewer)
  An orc wizard (D:4)
  A hound zombie (D:5)
  4 gnolls (D:5)
  3 river rats
  7 adders
  2 shadow imps
  An ooze (D:2)
  An adder zombie (D:6)
  6 worms
  2 dart slugs
  4 leopard geckos
  9 orcs
  3 bats
  9 giant cockroaches
  7 goblins
  6 hobgoblins
  11 jackals
  A quokka (D:6)
  10 ball pythons
  13 frilled lizards
  A giant cockroach zombie (D:5)
  5 kobolds
  A leopard gecko skeleton (D:6)
  34 rats
168 creatures vanquished.

Notes
Turn   | Place    | Note
-------+----------+-------------------------------------------
     0 | D:1      | LilDood the Spriggan Enchanter began the quest for the Orb.
     0 | D:1      | Reached XP level 1. HP: 9/9 MP: 5/5
   665 | D:1      | Reached XP level 2. HP: 13/13 MP: 6/6
   734 | D:1      | Reached skill level 5 in Stealth
   754 | D:1      | Learned a level 2 spell: Ensorcelled Hibernation
  1089 | D:2      | Noticed Terence
  1416 | D:2      | Reached XP level 3. HP: 16/16 MP: 8/8
  1635 | D:2      | Reached XP level 4. HP: 9/21 MP: 1/9
  1994 | D:2      | Killed Terence
  1994 | D:2      | Reached skill level 6 in Stealth
  2081 | D:2      | Noticed Jessica
  2087 | D:2      | Killed Jessica
  2195 | D:2      | Reached XP level 5. HP: 22/24 MP: 2/11
  3637 | D:4      | Reached skill level 7 in Stealth
  3707 | D:4      | Reached XP level 6. HP: 28/28 MP: 10/13
  4424 | D:4      | Found a glowing drain.
  4430 | Sewer    | Entered a sewer
  4502 | Sewer    | Reached skill level 5 in Hexes
  4564 | Sewer    | Reached skill level 5 in Dodging
  5032 | Sewer    | Reached skill level 8 in Stealth
  6116 | D:5      | Entered Level 5 of the Dungeon
  6151 | D:5      | Noticed P0WERM0DE's ghost (novice OpNe)
  6204 | D:5      | Noticed an ice beast
  6348 | D:5      | Reached XP level 7. HP: 30/32 MP: 14/14
  6876 | D:4      | Learned a level 3 spell: Confuse
  6901 | D:5      | Reached skill level 9 in Stealth
  6947 | D:5      | Reached skill level 5 in Spellcasting
  6984 | D:5      | Found an opulent altar of Gozag.
  7046 | D:5      | Killed P0WERM0DE's ghost
  7046 | D:5      | Reached XP level 8. HP: 30/36 MP: 9/16
  7121 | D:5      | Found a staircase to the Ecumenical Temple.
  7569 | D:6      | Reached skill level 10 in Stealth
  8781 | D:7      | Noticed Joseph
  8787 | D:7      | Slain by Joseph

Skill      XL: |  1  2  3  4  5  6  7  8 |
---------------+-------------------------+-----
Stealth        | 5 6 7 8 9 10 | 10.4
Spellcasting   | 3 4 5 6 |  6.4
Hexes          | 4 5 6 |  6.9
Short Blades   | 2 3 4 |  4.6
Dodging        | 4 5 6 7 |  7.0

Action                   |  1- 3 |  4- 6 |  7- 9 || total
-------------------------+-------+-------+-------++-------
Melee: Dagger            |    87 |   344 |   171 ||   602
 Cast: Ensorcelled Hiber |     9 |    53 |    31 ||    93
       Corona            |       |     2 |       ||     2
       Confuse           |       |       |    24 ||    24
  Use: Potion            |       |     8 |       ||     8
       Scroll            |       |     7 |       ||     7
 Stab: Sleeping          |    16 |    54 |    22 ||    92
       Distracted        |       |     1 |     3 ||     4
       Confused          |       |       |    12 ||    12
  Eat: Ration            |       |     3 |     3 ||     6
Armor: Robe              |     6 |    39 |    16 ||    61
       Skin              |       |     8 |       ||     8
Dodge: Dodged            |    43 |   188 |   174 ||   405
